 Dungeon Crawl Stone Soup version 0.30-a0-777-ga9a30cbeda (webtiles) character file.

Game seed: 11703198525578355698

5353 Vildbasse the Fighter (level 10, -3/91 HPs)
             Began as a Minotaur Fighter on Feb 10, 2023.
             Was an Initiate of Yredelemnul.
             Slain by a hornet (10 damage)
             ... on level 8 of the Dungeon on Feb 14, 2023.
             The game lasted 00:35:13 (7419 turns).

Vildbasse the Fighter (Minotaur Fighter)            Turns: 7419, Time: 00:35:13

Health: -3/91      AC: 16    Str: 31    XL:     10   Next: 38%
Magic:  9/9        EV: 11    Int:  5    God:    Yredelemnul [......]
Gold:   362        SH:  0    Dex: 10    Spells: 9/9 levels left

rFire   . . .      SeeInvis .    M - +3 battleaxe (heavy)
rCold   . . .      Faith    .    (shield currently unavailable)
rNeg    . . .      Spirit   .    N - +3 chain mail
rPois   +          Reflect  .    x - +1 hat
rElec   .          Harm     .    (no cloak)
rCorr   .          Rampage  .    I - +0 pair of gloves
Will    .....                    (no boots) Stlth
                                 (no amulet)
HPRegen 0.35/turn                h - +6 ring of strength
MPRegen 0.11/turn                p - ring of poison resistance

@: lethally poisoned (-3 -> -13), slowed, very slow
A: horns 2, retaliatory headbutt
a: Renounce Religion, Recall Undead Harvest


You were on level 8 of the Dungeon.
You worshipped Yredelemnul.
Yredelemnul was noncommittal.
You visited 1 branch of the dungeon, and saw 9 of its levels.

You collected 362 gold pieces.

Inventory:

Hand Weapons
 a - a +0 war axe
 G - the +6 hand axe of Egomania {drain, *Rage rCorr Str+6 Stlth-}
   (You found it on level 3 of the Dungeon)

   Str:       It affects your strength (+6).
   *Rage:     It berserks you when you make melee attacks (+20% chance).
   rCorr:     It protects you from acid and corrosion.
   Stlth:     It makes you less stealthy.
 M - a +3 heavy battleaxe (weapon)
Missiles
 f - 5 silver boomerangs (quivered)
 n - 13 javelins
 E - 22 poisoned darts
Armour
 c - a +0 buckler
 x - a +1 hat (worn)
 F - a +0 plate armour
 I - a +0 pair of gloves (worn)
 N - a +3 chain mail (worn)
Jewellery
 h - a +6 ring of strength (left hand)
 j - a ring of resist corrosion
 p - a ring of poison resistance (right hand)
Wands
 r - a wand of charming (8)
 s - a wand of flame (36)
 J - a wand of mindburst (14)
 L - a wand of polymorph (12)
Scrolls
 e - a scroll of enchant armour {unknown}
 k - 4 scrolls of magic mapping
 l - 3 scrolls of poison
 m - 2 scrolls of teleportation {unknown}
 t - a scroll of fog {unknown}
 v - 2 scrolls of vulnerability {unknown}
 w - a scroll of noise {unknown}
 y - 3 scrolls of amnesia
 B - a scroll of immolation {unknown}
 D - a scroll of fear {unknown}
 K - 2 scrolls of brand weapon {unknown}
 O - a scroll of blinking {unknown}
Potions
 b - 2 potions of curing {unknown}
 d - 3 potions of might
 g - 4 potions of mutation {unknown}
 i - 4 potions of degeneration {unknown}
 o - 2 potions of brilliance {unknown}
 q - a potion of resistance {unknown}
 u - 2 potions of lignification {unknown}
 z - 2 potions of flight {unknown}
 A - 2 potions of cancellation {unknown}
 C - 3 potions of magic {unknown}
 H - 2 potions of attraction {unknown}
 P - a potion of heal wounds {unknown}


   Skills:
 + Level 9.1 Fighting
 + Level 8.6 Axes
 + Level 9.1 Armour
 + Level 7.5 Dodging
 + Level 9.1 Shields


You had 9 spell levels left.
You didn't know any spells.
Your spell library contained the following spells:

 Spells                   Type           Power      Damage    Failure   Level
 Apportation              Tloc           0%         N/A       91%         1
 Freeze                   Ice            0%         1d3       91%         1
 Necrotise                Necr           0%         1d4       91%         1
 Sandblast                Erth           0%         2d4       91%         1
 Summon Small Mammal      Summ           0%         N/A       91%         1
 Ensorcelled Hibernation  Hex/Ice        0%         N/A       97%         2
 Passwall                 Tmut/Erth      0%         N/A       97%         2
 Frozen Ramparts          Ice            0%         1d1       99%         3
 Hailstorm                Conj/Ice       0%         3d3       99%         3
 Portal Projectile        Hex/Tloc       0%         N/A       99%         3
 Spider Form              Tmut/Pois      0%         N/A       99%         3
 Stone Arrow              Conj/Erth      0%         3d7       99%         3
 Tukima's Dance           Hex            0%         N/A       99%         3
 Anguish                  Hex/Necr       0%         N/A       100%        4
 Blade Hands              Tmut           0%         N/A       100%        5


Dungeon Overview and Level Annotations

Branches:
Dungeon (9/15)             Temple (0/1) D:7
   Lair: D:8-11         Orc: D:9-12

Altars:
Cheibriados
Hepliaklqana
Sif Muna
Trog
Uskayaw
Yredelemnul

Shops:
D:6 *   D:8 *


Innate Abilities, Weirdness & Mutations

You have a pair of horns on your head.
You reflexively headbutt those who attack you in melee.


Message History

You slice the yak!! You hit the yak. The yak gores you!
* * * LOW HITPOINT WARNING * * *
The yak misses you. The yak gores you but does no damage.
Your yak zombie gores the yak.
Your gnoll zombie hits the yak.
The yak gores you.
* * * LOW HITPOINT WARNING * * *
The yak gores you but does no damage. x2; Your yak zombie gores the yak!
Your gnoll zombie hits the yak but does no damage.
The yak attacks as you move away! The yak gores you but does no damage.
The yak attacks as you move away! The yak gores you.
* * * LOW HITPOINT WARNING * * *
Your yak zombie gores the yak!
The hornet barely misses you. You furiously retaliate!
You headbutt the hornet! The hornet barely misses you. You furiously retaliate!
You headbutt the hornet. The hornet attacks as you move away!
The hornet stings you but does no damage.
The hornet closely misses you. You furiously retaliate!
You headbutt the hornet!
There is a stone staircase leading up here.
The hornet stings you.
* * * LOW HITPOINT WARNING * * *
You climb upwards.
There is a stone staircase leading down here.
You closely miss the hornet.
The hornet is heavily wounded.
You slice the yak!!
You kill the yak!
The hornet stings you but does no damage.
The hornet stings you.
* * * LOW HITPOINT WARNING * * *
The hornet stings you but does no damage.
You completely miss the hornet.
The hornet is heavily wounded.
The hornet stings you but does no damage.
The hornet stings you.
* * * LOW HITPOINT WARNING * * *
You are lethally poisoned!
You feel yourself slow down. The hornet stings you!
You die...
Your body rises from the dead as a mindless zombie.

### #.## #####..####
###.........##
####...@........# ###
##.###.y.........##
##.###.......###.......#
#...##........#.......####
##....#.....#.##......##..##
#.....##......###..........#
#.....##.......##.....##..##
#
#..######.........##...#..#
####.## ##.Z.....###..##..##


You could see a hornet.

Vanquished Creatures
  The ghost of M4edhros the Insei, a novice OpTm of Cheibriados (D:7)
  Sigmund (D:3)
  3 wyverns
  2 yaks
  A steam dragon (D:8)
  An acid dragon (D:9)
  2 water moccasins
  A black bear (D:5)
  An orc warrior (D:7)
  An ice beast (D:4)
  2 ogres (D:5)
  A centaur (D:7)
  3 bullfrogs
  A necrophage (D:4)
  5 gnoll sergeants
  4 scorpions
  5 killer bees
  4 howler monkeys
  An electric eel (D:6)
  A bullfrog zombie (D:6)
  5 hounds
  A gnoll bouda (D:7)
  2 orc priests
  6 orc wizards
  An iguana (D:6)
  32 gnolls
  3 adders
  A white imp (D:7)
  An ufetubus (D:6)
  A dart slug (D:3)
  15 orcs
  9 ball pythons
  5 bats
  11 endoplasms
  3 giant cockroaches
  18 hobgoblins
  10 kobolds
  3 quokkas
  A frilled lizard (D:2)
  28 goblins
  3 rats
200 creatures vanquished.

Vanquished Creatures (collateral kills)
  A moth of wrath (D:7)
  A water moccasin (D:6)
  A phantom (D:6)
  A necrophage (D:7)
  A bullfrog (D:6)
  A killer bee (D:8)
  2 electric eels (D:6)
  A bullfrog zombie (D:6)
  A hound (D:6)
  An orc priest (D:6)
  An iguana (D:6)
  4 gnolls
  2 ufetubi
  7 orcs
  7 goblins (D:6)
  5 hobgoblins (D:6)
37 creatures vanquished.

Vanquished Creatures (others)
  A wyvern zombie (D:8)
  A bullfrog zombie (D:6)
  An orc wizard (D:5)
  3 killer bee zombies
  An iguana zombie (D:6)
  2 orc zombies (D:6)
  8 gnoll zombies
  4 goblin zombies (D:6)
  6 hobgoblin zombies (D:6)
  A demonic plant (D:3)
  4 fungi (D:3)
  A plant (D:3)
33 creatures vanquished.

Grand Total: 270 creatures vanquished

Notes
Turn   | Place    | Note
-------+----------+-------------------------------------------
     0 | D:1      | Vildbasse the Minotaur Fighter began the quest for the Orb.
     0 | D:1      | Reached XP level 1. HP: 19/19 MP: 0/0
    50 | D:1      | Reached XP level 2. HP: 13/27 MP: 1/1
   295 | D:1      | Reached skill level 1 in Dodging
   306 | D:1      | Reached XP level 3. HP: 27/33 MP: 2/2
  1552 | D:3      | Noticed Sigmund
  1557 | D:3      | Killed Sigmund
  1558 | D:3      | Reached XP level 4. HP: 33/41 MP: 3/3
  1558 | D:3      | Reached XP level 5. HP: 37/47 MP: 4/4
  1657 | D:3      | You fall into a shaft and drop 2 floors!
  1657 | D:5      | Entered Level 5 of the Dungeon
  1658 | D:5      | Noticed an ogre
  1686 | D:5      | Killed an ogre
  1687 | D:5      | Reached XP level 6. HP: 36/55 MP: 5/5
  1688 | D:5      | Reached skill level 5 in Fighting
  1688 | D:5      | Reached skill level 5 in Armour
  1688 | D:5      | Reached skill level 5 in Shields
  1857 | D:4      | Reached XP level 7. HP: 46/61 MP: 6/6
  2134 | D:5      | Noticed a wyvern
  2147 | D:5      | Killed a wyvern
  2148 | D:5      | Reached skill level 5 in Axes
  2590 | D:5      | Found a shimmering blue altar of Sif Muna.
  2758 | D:4      | Reached XP level 8. HP: 70/70 MP: 7/7
  3289 | D:3      | Identified the +6 hand axe of Egomania {drain, *Rage rCorr
                  | Str+6 Stlth-}
  3457 | D:3      | Found a faded altar of an unknown god.
  3491 | D:3      | Prayed at the altar of an unknown god.
  3491 | D:3      | Became a worshipper of Yredelemnul the Dark
  3491 | D:3      | Reached * piety under Yredelemnul
  4082 | D:6      | Reached skill level 5 in Dodging
  4280 | D:6      | Reached ** piety under Yredelemnul
  4375 | D:6      | Found Gaulu's Goods Gallery.
  5030 | D:6      | Reached XP level 9. HP: 53/79 MP: 8/8
  5238 | D:6      | Reached *** piety under Yredelemnul
  5296 | D:6      | Reached **** piety under Yredelemnul
  5415 | D:6      | Reached ***** piety under Yredelemnul
  5609 | D:6      | Found a basalt altar of Yredelemnul.
  5728 | D:6      | Upgraded the game from 0.30-a0-758-gc2c871d025 to
                  | 0.30-a0-776-g08fbeb92c1
  5766 | D:7      | Found a bloodstained altar of Trog.
  5766 | D:7      | Noticed M4edhros's ghost (novice OpTm)
  5957 | D:7      | Found a staircase to the Ecumenical Temple.
  6104 | D:7      | Found a snail-covered altar of Cheibriados.
  6259 | D:7      | Found a transporter.
  6261 | D:7      | Noticed a moth of wrath
  6267 | D:7      | Found a transporter.
  6287 | D:7      | Killed M4edhros's ghost
  6316 | D:7      | Killed a moth of wrath
  6342 | D:7      | Reached XP level 10. HP: 90/90 MP: 9/9
  6509 | D:7      | Found a hide-covered altar of Uskayaw.
  6512 | D:7      | Found a hazy altar of Hepliaklqana.
  6650 | D:8      | Upgraded the game from 0.30-a0-776-g08fbeb92c1 to
                  | 0.30-a0-777-ga9a30cbeda
  6718 | D:8      | Found Buevaepp's Neck Hole.
  7419 | D:8      | Slain by a hornet

Illustrated notes

Levels and vault maps discovered:
D:1:      saegor_arrival_miasma, layout_loops_ring, minmay_liquid_box,
          st_stairs_3
D:2:      layout_loops_ring
D:3:      layout_basic, shapermc_ecumenical_altar_gd, minmay_misc_feat_square,
          uniq_sigmund
D:4:      layout_rooms, minivault_26
D:5:      layout_rooms, tgw_sif
D:6:      minmay_goblin_kobold_castle, layout_layer_cave,
          lemuel_zombie_altar_yredelemnul, grunt_ministairs_9,
          nicolae_alphabet_shops
D:7:      layout_loops_ring, mainiacjoe_overflow_tiny_flanked,
          mainiacjoe_overflow_big_doors, minmay_temple_entry_trees,
          gammafunk_ghost_wrathful_warriors, kennysheep_generic_room_15
D:8:      layout_cave_pools, small_statue_intersection,
          nicolae_shop_sticking_my_neck_out
D:9:      minmay_clustersquares, layout_cave_pools, nicolae_gozag_seed_capital,
          nicolae_elemental_shop, uniq_maggie

Skill      XL: |  1  2  3  4  5  6  7  8  9 10 |
---------------+-------------------------------+-----
Armour         | 4 5 6 7 8 9 |  9.1
Dodging        | 1 2 3 4 5 6 7 |  7.5
Shields        | 4 5 6 7 8 9 |  9.1
Fighting       | 4 5 6 7 8 9 |  9.1
Axes           | 3 4 5 6 8 |  8.6

Action                     |  1- 3 |  4- 6 |  7- 9 | 10-12 || total
---------------------------+-------+-------+-------+-------++-------
  Melee: War axe           |    67 |    22 |   106 |       ||   195
         Headbutt          |     4 |     6 |    52 |     5 ||    67
         Hand axe          |       |       |   141 |       ||   141
         Battleaxe         |       |       |       |    40 ||    40
  Throw: Boomerang         |       |       |     2 |       ||     2
 Invoke: Recall Undead Har |       |       |     1 |     1 ||     2
    Use: Scroll            |       |     1 |     3 |     2 ||     6
 Armour: Scale mail        |    25 |    13 |    48 |       ||    86
         Plate armour      |       |       |    97 |       ||    97
         Chain mail        |       |       |       |    48 ||    48
  Dodge: Dodged            |    29 |    15 |   135 |    45 ||   224
  Block: Buckler           |    10 |     9 |    61 |       ||    80

Table legend: (Time is in decaauts)
 A = Elapsed time spent in this place.
 B = Non-inter-level travel time spent in this place.
 C = Inter-level travel time spent in this place.
 D = Time resting spent in this place.
 E = Time spent auto-exploring this place.
 F = Levels seen in this place.
 G = Mean time per level.
                   A        B        C        D        E       F      G
               +--------+--------+--------+--------+--------+-----+--------+
         Total |   7651 |   6452 |   1199 |   1054 |   4081 |   9 |  850.1 |
       Dungeon |   7651 |   6452 |   1199 |   1054 |   4081 |   9 |  850.1 |
               +--------+--------+--------+--------+--------+-----+--------+

Top non-repeatable levels by time:
     D:6: 1806 daAuts
     D:3: 1021 daAuts
     D:7: 966 daAuts
     D:5: 834 daAuts
     D:1: 818 daAuts
     D:4: 726 daAuts
     D:8: 698 daAuts
     D:2: 668 daAuts
     D:9: 111 daAuts
